 Dungeon Crawl Stone Soup version 0.32-a0-361-g289a535e89 (webtiles) character file.

Game seed: 3894818873141738209

2641 jasper the Protected (level 9, 0/74 HPs)
             Began as a Gnoll Fighter on Feb 18, 2024.
             Was an Elder of Fedhas.
             Slain by a wight
             ... wielding a +0 halberd
              (2 damage)
             ... on level 8 of the Dungeon.
             The game lasted 00:11:30 (4794 turns).

jasper the Protected (Gnoll Fighter)                Turns: 4794, Time: 00:11:30

Health: 0/74       AC: 13    Str: 18    XL:     9   Next: 61%
Magic:  15/15      EV: 12    Int: 13    God:    Fedhas [****..]
Gold:   252        SH:  6    Dex: 12    Spells: 17/17 levels left

rFire   . . .        B - +8 demon blade "Leech" {evervamp, Harm ^Drain rN+}
rCold   . . .        c - +0 buckler
rNeg    + . .        l - +3 ring mail "Buijak" {rCorr Int+2 Slay+4}
rPois   +            h - +1 helmet of a ziggurat {Rampage rPois Int+2 Slay+2}
rElec   .            (no cloak)
rCorr   +            k - +0 pair of gloves
SInv    .            (no boots)
Will    +....        (no amulet)
Stlth   ++           u - ring of willpower
HPRegen 0.32/turn    (no ring)
MPRegen 0.14/turn

%: harm (+30% outgoing, +20% incoming), rampage
@: slowed, studying Armour, very slow
A: fangs 1, strong nose, distributed training
a: Renounce Religion, Wall of Briars, Grow Ballistomycete, Overgrow


You were on level 8 of the Dungeon.
You worshipped Fedhas.
Fedhas was greatly pleased with you.
You visited 1 branch of the dungeon, and saw 8 of its levels.

You collected 408 gold pieces.
You spent 156 gold pieces at shops.

Inventory:

Hand Weapons
 a - a +1 trident
 B - the +8 demon blade "Leech" (weapon) {evervamp, Harm ^Drain rN+}
   (You took it off an orc priest on level 7 of the Dungeon)

   rN+:       It protects you from negative energy.
   ^Drain:    It drains your maximum health when unequipped.
   Harm:      It increases damage dealt and taken.
Missiles
 p - 6 stones (quivered)
 q - 6 poisoned darts
 x - 5 javelins
Armour
 b - a +0 scale mail
 c - a +0 buckler (worn)
 h - the +1 helmet of a ziggurat (worn) {Rampage rPois Int+2 Slay+2}
   (You took it off Robin on level 2 of the Dungeon)

   Int+2:     It affects your intelligence (+2).
   Slay+2:    It affects your accuracy & damage with ranged weapons and melee
   (+2).
   rPois:     It protects you from poison Rampage: It bestows one free step when
   moving towards enemies.
 i - a +0 ring mail
 j - a +1 chain mail of cold resistance
 k - a +0 pair of gloves (worn)
 l - the +3 ring mail "Buijak" (worn) {rCorr Int+2 Slay+4}
   (You found it on level 3 of the Dungeon)

   Int+2:     It affects your intelligence (+2).
   Slay+4:    It affects your accuracy & damage with ranged weapons and melee
   (+4).
   rCorr:     It protects you from acid and corrosion.
 y - a +0 pair of gloves
Jewellery
 t - a ring of ice
 u - a ring of willpower (left hand)
Talismans
 g - a granite talisman
Wands
 A - a wand of roots (9)
Scrolls
 o - 2 scrolls of fog
 w - a scroll of enchant weapon
 z - a scroll of identify
Potions
 d - a potion of might
 e - 2 potions of curing
 f - 2 potions of degeneration
 m - 2 potions of brilliance
 n - 2 potions of enlightenment
 s - a potion of haste
 v - a potion of resistance


   Skills:
 + Level 8.1 Fighting
 + Level 4.6 Short Blades
 + Level 4.6 Long Blades
 + Level 4.6 Axes
 + Level 4.6 Maces & Flails
 + Level 6.5 Polearms
 + Level 4.6 Staves
 + Level 4.6 Ranged Weapons
 + Level 4.6 Throwing
 + Level 9.4 Armour
 + Level 4.6 Dodging
 + Level 4.6 Stealth
 + Level 8.1 Shields
 + Level 4.6 Unarmed Combat
 + Level 4.6 Spellcasting
 + Level 3.8 Conjurations
 + Level 3.8 Hexes
 + Level 3.8 Summonings
 + Level 3.8 Necromancy
 + Level 3.8 Translocations
 + Level 3.8 Fire Magic
 + Level 3.8 Ice Magic
 + Level 3.8 Air Magic
 + Level 3.8 Earth Magic
 + Level 3.8 Alchemy
 + Level 5.0 Invocations
 + Level 4.6 Evocations
 + Level 4.2 Shapeshifting


You had 17 spell levels left.
You didn't know any spells.
Your spell library contained the following spells:

 Spells                   Type           Power      Damage    Failure   Level
 Summon Small Mammal      Summ           48%        N/A       8%          1
 Call Canine Familiar     Summ           12%        N/A       24%         3
 Gell's Gravitas          Tloc           12%        N/A       24%         3
 Ozocubu's Armour         Ice            12%        N/A       24%         3
 Teleport Other           Tloc           12%        N/A       24%         3
 Summon Blazeheart Golem  Fire/Summ      12%        N/A       61%         4
 Metabolic Englaciation   Hex/Ice        6%         N/A       91%         5
 Dispersal                Tloc           6%         N/A       100%        6
 Sculpt Simulacrum        Ice/Alch       6%         N/A       100%        6


Dungeon Overview and Level Annotations

Branches:
Dungeon (8/15)             Temple (0/1) D:5
   Lair: D:8-11

Altars:
Ashenzari
Dithmenos
Elyvilon
Fedhas
Gozag
Qazlal
Sif Muna
Wu Jian
Yredelemnul

Shops:
D:4 !

Annotations:
D:5 3 runed translucent doors, Bravepunisher's ghost, weakling SpMo; yey's ghost, novice MDFi
D:7 2 transporters, Jeremiah; boberto's ghost, novice MDFi


Innate Abilities, Weirdness & Mutations

You have very sharp teeth.
Your uncanny sense of smell can sniff out nearby items.
Your experience applies equally to all skills.


Message History

The bullfrog hits you but does no damage.
The orange demon closely misses you. The bullfrog barely misses you.
The orange demon stings you from afar!
You are lethally poisoned!
You have difficulty breathing.
You feel as though you will be slow longer.
You take 21 damage, and have 28/74 hp.
MASSIVE DAMAGE!!
You slash the bullfrog!
You feel better.
You kill the bullfrog!
Fedhas appreciates your contribution to the ecosystem.
* * * LOW HITPOINT WARNING * * *
You feel extremely sick. The orange demon stings you from afar.
* * * LOW HITPOINT WARNING * * *
You are more poisoned.
You have difficulty breathing.
* * * LOW HITPOINT WARNING * * *
You feel as though you will be slow longer.
A wight comes into view.
It is wielding a +2 great sword of freezing.
You take 24 damage, and have 4/74 hp.
MASSIVE DAMAGE!!
Okay, then.
You feel better.
The orange demon stings you but does no damage. x2
You regained 6 hp, and now have 10/74 hp.
The orange demon attacks as it pursues you!
The orange demon stings you but does no damage.
As you read the scroll of fear, it crumbles to dust.
You assume a fearsome visage.
The orange demon looks frightened!
The wight is unaffected.
The wight barely misses you. The wight attacks as it pursues you!
You block the wight's attack.
A wight comes into view. It is wielding a +0 battleaxe.
The wight barely misses you. The wight attacks as it pursues you!
The wight hits you from afar with a +0 halberd!
* * * LOW HITPOINT WARNING * * *
You take 12 damage, and have 2/74 hp.
The wight hits you from afar with a +0 halberd.
You die...
Fedhas appreciates your contribution to the ecosystem.

.........#.!....'
.............#......#
.....##.....#......#
....##.....#......# ..
...+......)..4...# #..
#..##.....#......#
##..######..##....##......#
#..............##....#.......#
#......<.....@.z.....+.)..z...
#....................#..F.....
#....................#.......)
#.........)...#######........
#.....##..##'## ....####.
##.....##..#.............# .
#..........#.............#
#..........#.............#
#%<........#....####.


You could see a wight.

Vanquished Creatures
  Amaemon (D:8)
  Edmund (D:4)
  2 water moccasins (D:6)
  An ice beast (D:5)
  An ogre (D:6)
  2 centaurs (D:8)
  2 phantoms
  2 bullfrogs (D:8)
  A scorpion (D:7)
  3 killer bees (D:7)
  3 howler monkeys
  A jelly (D:5)
  3 hounds
  6 orc priests
  Terence (D:2)
  Jessica (D:2)
  An iguana (D:6)
  3 orc wizards
  Robin (D:2)
  4 gnolls
  13 adders
  3 shadow imps
  2 white imps (D:5)
  2 dart slugs (D:1)
  A ribbon worm (D:4)
  10 orcs
  3 bats
  5 giant cockroaches
  15 goblins
  15 hobgoblins
  8 jackals
  6 kobolds
  2 quokkas
  10 ball pythons
  3 frilled lizards
  2 rats
140 creatures vanquished.

Notes
Turn   | Place    | Note
-------+----------+-------------------------------------------
     0 | D:1      | jasper the Gnoll Fighter began the quest for the Orb.
     0 | D:1      | Reached XP level 1. HP: 23/23 MP: 1/1
    37 | D:1      | Reached XP level 2. HP: 29/29 MP: 2/2
   149 | D:1      | Reached XP level 3. HP: 35/35 MP: 3/3
   280 | D:1      | Reached skill level 1 in Invocations
   511 | D:1      | Reached skill level 1 in Short Blades
   511 | D:1      | Reached skill level 1 in Long Blades
   511 | D:1      | Reached skill level 1 in Axes
   511 | D:1      | Reached skill level 1 in Maces & Flails
   511 | D:1      | Reached skill level 1 in Staves
   511 | D:1      | Reached skill level 1 in Ranged Weapons
   511 | D:1      | Reached skill level 1 in Throwing
   511 | D:1      | Reached skill level 1 in Dodging
   511 | D:1      | Reached skill level 1 in Stealth
   511 | D:1      | Reached skill level 1 in Unarmed Combat
   511 | D:1      | Reached skill level 1 in Spellcasting
   511 | D:1      | Reached skill level 1 in Evocations
   716 | D:2      | Noticed Terence
   733 | D:2      | Killed Terence
   734 | D:2      | Reached skill level 1 in Conjurations
   734 | D:2      | Reached skill level 1 in Hexes
   734 | D:2      | Reached skill level 1 in Summonings
   734 | D:2      | Reached skill level 1 in Necromancy
   734 | D:2      | Reached skill level 1 in Translocations
   734 | D:2      | Reached skill level 1 in Fire Magic
   734 | D:2      | Reached skill level 1 in Ice Magic
   734 | D:2      | Reached skill level 1 in Air Magic
   734 | D:2      | Reached skill level 1 in Earth Magic
   734 | D:2      | Reached skill level 1 in Alchemy
   734 | D:2      | Reached skill level 1 in Shapeshifting
   734 | D:2      | Reached XP level 4. HP: 36/41 MP: 5/5
   897 | D:2      | Noticed Jessica
   907 | D:2      | Killed Jessica
   908 | D:2      | Reached XP level 5. HP: 22/47 MP: 5/7
  1067 | D:2      | Found a faded altar of an unknown god.
  1071 | D:2      | Prayed at the altar of an unknown god.
  1071 | D:2      | Became a worshipper of Fedhas Madash
  1071 | D:2      | Reached * piety under Fedhas
  1075 | D:2      | Identified the +1 helmet of a ziggurat {Rampage rPois Int+2
                  | Slay+2}
  1075 | D:2      | Noticed Robin
  1085 | D:2      | Killed Robin
  1356 | D:3      | Identified the +3 ring mail "Buijak" {rCorr Int+2 Slay+4}
  1391 | D:3      | Found an ornate altar of the Wu Jian Council.
  1444 | D:3      | Found a shadowy altar of Dithmenos.
  1500 | D:3      | Found a shimmering blue altar of Sif Muna.
  1584 | D:3      | Reached ** piety under Fedhas
  1780 | D:3      | Reached skill level 7 in Armour
  2010 | D:4      | Reached XP level 6. HP: 53/53 MP: 8/8
  2037 | D:4      | Found Miluqok's Distillery.
  2045 | D:4      | Bought a potion of curing for 36 gold pieces
  2045 | D:4      | Bought a potion of haste for 120 gold pieces
  2181 | D:4      | Found an opulent altar of Gozag.
  2194 | D:4      | Found a basalt altar of Yredelemnul.
  2248 | D:4      | Reached skill level 5 in Polearms
  2278 | D:4      | Noticed Edmund
  2290 | D:4      | Killed Edmund
  2537 | D:5      | Entered Level 5 of the Dungeon
  2645 | D:5      | Reached XP level 7. HP: 51/60 MP: 10/10
  2693 | D:5      | Found a staircase to the Ecumenical Temple.
  2734 | D:5      | Found a broken altar of Ashenzari.
  2799 | D:5      | Found a runed translucent gate.
  2799 | D:5      | Found a runed translucent gate.
  2799 | D:5      | Found a runed translucent gate.
  2808 | D:5      | Found a white marble altar of Elyvilon.
  2840 | D:5      | Noticed Bravepunisher's ghost (weakling SpMo)
  2840 | D:5      | Noticed yey's ghost (novice MDFi)
  3129 | D:5      | Reached *** piety under Fedhas
  3239 | D:5      | Reached XP level 8. HP: 30/67 MP: 12/12
  3695 | D:6      | Reached skill level 8 in Armour
  4273 | D:7      | Found a stormy altar of Qazlal.
  4280 | D:7      | Reached XP level 9. HP: 73/73 MP: 14/14
  4353 | D:7      | Found a blossoming altar of Fedhas.
  4384 | D:7      | Found a transporter.
  4386 | D:7      | Noticed boberto's ghost (novice MDFi)
  4388 | D:7      | Noticed a moth of wrath
  4402 | D:7      | Found a transporter.
  4543 | D:7      | Noticed Jeremiah
  4760 | D:8      | Reached **** piety under Fedhas
  4763 | D:8      | Reached skill level 9 in Armour
  4765 | D:8      | Noticed Amaemon
  4768 | D:8      | Noticed an orange demon
  4782 | D:8      | Killed Amaemon
  4783 | D:8      | Reached skill level 5 in Invocations
  4793 | D:8      | HP: 2/74 [wight/+0 halberd (12)]
  4794 | D:8      | Slain by a wight

Illustrated notes

Levels and vault maps discovered:
D:1:      dpeg_arrival_tiny_h, layout_basic
D:2:      layout_rooms, hellmonk_ecumenical_altar_heavens_door, uniq_terence,
          uniq_robin, uniq_jessica
D:3:      layout_rooms, mainiacjoe_overflow_small_starburst,
          nicolae_wu_jian_wuxing_cycle, grunt_dithmenos_smoke, minmay_unequal
D:4:      layout_basic, lemuel_crystal_altar, overflow_temple_1_default,
          serial_shops, shop, uniq_edmund
D:5:      layout_basic, mainiacjoe_overflow_six_doors_small,
          lemuel_doored_altar, minmay_temple_entry_waves,
          gammafunk_ghost_cemetery, nicolae_half_adder
D:6:      layout_rooms
D:7:      layout_rooms, kennysheep_mini_moat, nicolae_qazlal_style_of_elements,
          gammafunk_ghost_berserking_beasts, serial_shops,
          nicolae_shop_pleasant_corner_grove, uniq_jeremiah
D:8:      layout_gridville, mainiacjoe_overflow_alcove_1,
          mainiacjoe_overflow_boulevard, lemuel_tele_altar, dk_noncrumbling_2,
          minmay_misc_feat_enclosed, roderic_malta_cross, uniq_amaemon

Skill      XL: |  1  2  3  4  5  6  7  8  9 |
---------------+----------------------------+-----
Invocations    | 1 2 3 4 5 |  5.0
Short Blades   | 1 2 3 4 |  4.6
Long Blades    | 1 2 3 4 |  4.6
Axes           | 1 2 3 4 |  4.6
Maces & Flails | 1 2 3 4 |  4.6
Staves         | 1 2 3 4 |  4.6
Ranged Weapons | 1 2 3 4 |  4.6
Throwing       | 1 2 3 4 |  4.6
Dodging        | 1 2 3 4 |  4.6
Stealth        | 1 2 3 4 |  4.6
Unarmed Combat | 1 2 3 4 |  4.6
Spellcasting   | 1 2 3 4 |  4.6
Evocations     | 1 2 3 4 |  4.6
Conjurations   | 1 2 3 |  3.8
Hexes          | 1 2 3 |  3.8
Summonings     | 1 2 3 |  3.8
Necromancy     | 1 2 3 |  3.8
Translocations | 1 2 3 |  3.8
Fire Magic     | 1 2 3 |  3.8
Ice Magic      | 1 2 3 |  3.8
Air Magic      | 1 2 3 |  3.8
Earth Magic    | 1 2 3 |  3.8
Alchemy        | 1 2 3 |  3.8
Shapeshifting  | 1 2 3 4 |  4.2
Armour         | 7 8 9 |  9.4
Polearms       | 5 6 |  6.5
Fighting       | 7 8 |  8.1
Shields        | 7 8 |  8.1

Action                     |  1- 3 |  4- 6 |  7- 9 || total
---------------------------+-------+-------+-------++-------
  Melee: Trident           |    63 |   139 |   148 ||   350
         Bite              |     4 |    10 |    15 ||    29
         Demon blade       |       |       |    42 ||    42
  Throw: Boomerang         |     9 |    18 |       ||    27
         Stone             |     1 |    28 |     5 ||    34
 Invoke: Wall of Briars    |       |     1 |       ||     1
    Use: Scroll            |     5 |     3 |     6 ||    14
         Potion            |       |       |     4 ||     4
 Armour: Scale mail        |    18 |       |       ||    18
         Ring mail         |    15 |    22 |   115 ||   152
         Chain mail        |       |    50 |       ||    50
  Dodge: Dodged            |    19 |    40 |    76 ||   135
  Block: Buckler           |    13 |    19 |    46 ||    78

Table legend: (Time is in decaauts)
 A = Elapsed time spent in this place.
 B = Non-inter-level travel time spent in this place.
 C = Inter-level travel time spent in this place.
 D = Time resting spent in this place.
 E = Time spent auto-exploring this place.
 F = Levels seen in this place.
 G = Mean time per level.
                   A        B        C        D        E       F      G
               +--------+--------+--------+--------+--------+-----+--------+
         Total |   4844 |   4627 |    217 |    172 |   3233 |   8 |  605.5 |
       Dungeon |   4844 |   4627 |    217 |    172 |   3233 |   8 |  605.5 |
               +--------+--------+--------+--------+--------+-----+--------+

Top non-repeatable levels by time:
     D:5: 1145 daAuts
     D:1: 730 daAuts
     D:2: 653 daAuts
     D:3: 610 daAuts
     D:4: 575 daAuts
     D:6: 483 daAuts
     D:7: 421 daAuts
     D:8: 223 daAuts
